 Dungeon Crawl Stone Soup version 0.24.0-13-gcf9b3192b9 (webtiles) character file.

Game seed: 987747886534279359, levelgen mode: deterministic

117 Fistmachine the Conjurer (level 4, -3/36 HPs)
             Began as a Draconian Conjurer on Nov 7, 2019.
             Slain by a worm (6 damage)
             ... on level 3 of the Dungeon on Nov 9, 2019.
             The game lasted 00:08:19 (2776 turns).

Fistmachine the Conjurer (Draconian Conjurer)       Turns: 2776, Time: 00:08:20

Health: -3/36      AC:  5    Str: 10    XL:     4   Next: 71%
Magic:  8/8        EV: 12    Int: 16    God:
Gold:   113        SH:  0    Dex: 12    Spells: 5/8 levels left

rFire    . . .     SeeInvis .   i - +0 dagger
rCold    . . .     Gourm    .   (no shield)
rNeg     . . .     Faith    .   (armour unavailable)
rPois    .         Spirit   .   (helmet restricted)
rElec    .         Reflect  .   (no cloak)
rCorr    .         Harm     .   (no gloves)
MR       .....                  (no boots)
Stlth    ++........             (no amulet)
HPRegen  0.12/turn              (no ring)
MPRegen  0.11/turn              (no ring)

@: no status effects
A: unfitting armour, cold-blooded, AC +5
a: no special abilities


You were on level 3 of the Dungeon.
You were hungry.

You visited 1 branch of the dungeon, and saw 3 of its levels.

You collected 113 gold pieces.

Inventory:

Hand Weapons
 i - a +0 dagger (weapon)
Jewellery
 l - an uncursed amulet of faith
 o - an uncursed amulet of harm {unknown}
Scrolls
 c - 2 scrolls of identify {unknown}
 d - a scroll of immolation {unknown}
 e - a scroll of enchant weapon {unknown}
 f - 5 scrolls of teleportation {unknown}
 h - 2 scrolls of enchant armour {unknown}
 m - a scroll of noise {unknown}
 n - a scroll of magic mapping {unknown}
 q - 2 scrolls of remove curse {unknown}
Potions
 a - 2 potions of resistance {unknown}
 g - 3 potions of cancellation {unknown}
 j - a potion of haste {unknown}
 k - 3 potions of agility {unknown}
Comestibles
 b - 3 rations


   Skills:
 + Level 2.2 Fighting
 - Level 1.7 Dodging
 - Level 1.7 Stealth
 + Level 2.8 Spellcasting
 * Level 5.2 Conjurations


You had 5 spell levels left.
You knew the following spells:

 Your Spells              Type           Power        Failure   Level  Hunger
a - Magic Dart            Conj           ###.         2%          1    #......
b - Searing Ray           Conj           ###...       3%          2    ##.....

Your spell library contained the following spells:

 Spells                   Type           Power        Failure   Level  Hunger
 Dazzling Spray           Conj/Hex       ##....       21%         3    ###....
 Iskenderun's Mystic Bla  Conj           ###.....     22%         4    #####..
 Force Lance              Conj/Tloc      ##......     54%         4    #####..
 Fulminant Prism          Conj/Hex       ##........   54%         4    #####..


Dungeon Overview and Level Annotations

Branches:
Dungeon (3/15)

Altars:
Cheibriados
Hepliaklqana
Xom

Annotations:
D:2 1 runed translucent door, Crazy Yiuf


Innate Abilities, Weirdness & Mutations

Your plain brown scales are hard. (AC +5)
You cannot fit into any form of body armour.
You are cold-blooded and may be slowed by cold attacks.


Message History

There are monsters nearby!
There are monsters nearby!
There are monsters nearby!
There are monsters nearby!
There is an open door here.
The worm bites you. The worm bites you! The worm bites you. The worm bites you.
The worm closely misses you. The worm bites you!
The worm completely misses you. The worm closely misses you.
The worm barely misses you. The worm bites you!
* * * LOW HITPOINT WARNING * * *
The worm bites you but does no damage. The worm misses you. The worm bites you.
You die...

......# #.#.. .>##### #......#
## #.### .## ......#
...#######.### ## ......
.............# # ....#
#..######(#.# # ...#
#...####...# ## .b# ###.......##
.# #w## #.....#.### .### #@.#
#.###...# ...# #..# ##..# ##.#
#'### #..# #.# #...### ##..##
#.# ###.._# #....# #(# ###...##
#.##.### #.#######
#l#_...####.#.....
#....†..######Z#####.#..#.#.....
####....#....##§#l##.'..#.#.....


You could see a worm and a bat.

Vanquished Creatures
  6 adders
  2 oozes
  2 worms (D:2)
  A dart slug (D:1)
  A leopard gecko (D:1)
  5 bats
  A giant cockroach (D:2)
  7 goblins
  4 hobgoblins
  6 kobolds
  2 quokkas
  A ball python (D:3)
  6 frilled lizards
  8 rats
52 creatures vanquished.

Notes
Turn   | Place    | Note
-------+----------+-------------------------------------------
     0 | D:1      | Fistmachine the Draconian Conjurer began the quest for the
                  | Orb.
     0 | D:1      | Reached XP level 1. HP: 14/14 MP: 3/3
   114 | D:1      | Noticed an ogre
   114 | D:1      | Noticed an ogre
   114 | D:1      | Noticed an ogre
   123 | D:1      | Noticed a troll
   124 | D:1      | Noticed an ogre
   266 | D:1      | Reached XP level 2. HP: 22/22 MP: 0/5
   275 | D:1      | Learned a level 2 spell: Searing Ray
   509 | D:1      | Reached skill level 1 in Fighting
  1202 | D:2      | Reached XP level 3. HP: 28/28 MP: 0/6
  1269 | D:2      | Found a snail-covered altar of Cheibriados.
  1662 | D:2      | Reached XP level 4. HP: 31/36 MP: 1/7
  1798 | D:2      | Found a runed translucent door.
  1799 | D:2      | Noticed Crazy Yiuf
  2159 | D:3      | Reached skill level 5 in Conjurations
  2735 | D:3      | Found a shimmering altar of Xom.
  2737 | D:3      | Found a hazy altar of Hepliaklqana.
  2737 | D:3      | Noticed a wyvern
  2738 | D:3      | Noticed a spectral ugly thing
  2738 | D:3      | Noticed a wyvern
  2776 | D:3      | Slain by a worm

Levels and vault maps discovered:
D:1:      erik_arrival_cave_to_civilisation [erik_arrival_cave_to_temple],
          layout_basic, minmay_tetromino_s2
D:2:      layout_rooms, nicolae_overflow_crystal_walls, serial_rivers,
          chequers_serial_rivers_micro_b, chequers_serial_rivers_marsh,
          chequers_serial_rivers_room_a, chequers_serial_rivers_small_3,
          chequers_serial_rivers_marsh, uniq_crazy_yiuf_cottage
D:3:      minmay_angry_zag, layout_rooms, regret_index_temple_of_mockery

Skill      XL: |  1  2  3  4 |
---------------+-------------+-----
Fighting       | 1 2 |  2.2
Conjurations   | 5 |  5.2
Dodging        | |  1.7
Stealth        | |  1.7
Spellcasting   | |  2.8

Action                   |  1- 3 |  4- 6 || total
-------------------------+-------+-------++-------
Melee: Unarmed           |    13 |       ||    13
       Dagger            |    35 |     6 ||    41
       Tailslap          |     2 |     1 ||     3
 Cast: Magic Dart        |    65 |    45 ||   110
  Eat: Chunk             |     3 |     3 ||     6
Armor: Skin              |    26 |     3 ||    29
Dodge: Dodged            |    48 |    14 ||    62
